 Dungeon Crawl Stone Soup version 0.29-a0-925-g0a7a3d12f8 (webtiles) character file.

Game seed: 11369078290986867811

19423 nicolae the Fighter (level 12, -9/124 HPs)
             Began as a Demigod Transmuter on July 29, 2022.
             Mangled by a six-headed hydra (10 damage)
             ... on level 1 of the Lair of Beasts.
             The game lasted 00:39:05 (18934 turns).

nicolae the Fighter (Demigod Transmuter)           Turns: 18934, Time: 00:39:05

Health: -9/124     AC: 14    Str: 19    XL:     12   Next: 9%
Magic:  23/27      EV: 11    Int: 27    God:
Gold:   664        SH:  0    Dex: 11    Spells: 4/14 levels left

rFire   x . .      SeeInvis .     - Unarmed
rCold   + + +      Faith    .   (shield currently unavailable)
rNeg    . . .      Spirit   .   (body armour currently unavailable)
rPois   +          Reflect  .   (helmet currently unavailable)
rElec   .          Harm     .   (cloak currently unavailable)
rCorr   .          Rampage  .   (gloves currently unavailable)
Will    +++..                   (boots currently unavailable)
Stlth   ++........              (no amulet)
HPRegen 0.30/turn               k - ring of Xom's Scorn {Will+ MP+9 Str+4 Dex-3 Stlth+}
MPRegen 0.20/turn               B - +4 ring of protection

@: ice-form
A: freezing attack, amphibious, boosted hp, large, high MP 1, forlorn, divine
attributes, (horns 1), strong-willed 1
a: End Transformation


You were on level 1 of the Lair of Beasts.
You were a creature of crystalline ice.
You visited 2 branches of the dungeon, and saw 12 of its levels.

You collected 1030 gold pieces.
You spent 366 gold pieces at shops.

Inventory:

Missiles
 d - 3 boomerangs
 q - 48 poisoned darts
 x - a silver boomerang
 C - 6 javelins
 M - 6 atropa-tipped darts
Armour
 g - a +0 troll leather armour
 s - a +0 pair of boots (melded)
 w - the +0 cloak "Geuhablo" (melded) {Int+4 Dex+3}
   (You bought it in a shop on level 6 of the Dungeon)

   Int:       It affects your intelligence (+4).
   Dex:       It affects your dexterity (+3).
 z - a +2 leather armour of fire resistance (melded)
Jewellery
 k - the ring of Xom's Scorn (left front paw) {Will+ MP+9 Str+4 Dex-3 Stlth+}
   (You found it on level 11 of the Dungeon)

   [ring of magical power]

   Str:       It affects your strength (+4).
   Dex:       It affects your dexterity (-3).
   MP:        It affects your magic capacity (+9).
   Will:      It increases your willpower.
   Stlth:     It makes you more stealthy.
 m - a ring of wizardry
 u - a ring of ice
 B - a +4 ring of protection (right front paw)
 G - a +6 ring of intelligence
 L - a +6 ring of strength
Wands
 h - a wand of polymorph (4)
 v - a wand of flame (48)
 y - a wand of roots (9)
 F - a wand of mindburst (1)
 N - a wand of light (1)
 P - a wand of paralysis (7)
Scrolls
 c - 3 scrolls of magic mapping
 f - 2 scrolls of teleportation
 i - a scroll of fear
 l - 4 scrolls of amnesia
 n - a scroll of summoning
 o - 2 scrolls of torment
 p - 2 scrolls of butterflies
 r - a scroll of vulnerability
 t - a scroll of brand weapon {unknown}
 D - 2 scrolls of immolation
 I - a scroll of poison
 J - a scroll of enchant armour {unknown}
 K - a scroll of acquirement {unknown}
Potions
 a - 2 potions of haste
 b - 2 potions of lignification
 e - 4 potions of mutation
 j - 2 potions of magic
 A - a potion of berserk rage
 H - a potion of attraction {unknown}
 O - a potion of curing
Miscellaneous
 E - a lightning rod (4/4)


   Skills:
 + Level 9.3 Fighting
 - Level 6.0 Throwing
 - Level 3.0 Armour
 - Level 5.0 Dodging
 - Level 7.5 Unarmed Combat
 - Level 1.7 Spellcasting
 - Level 7.0 Transmutations
 - Level 7.0 Ice Magic
 - Level 6.0 Poison Magic
 - Level 5.0 Evocations


You had 4 spell levels left.
You knew the following spells:

 Your Spells              Type           Power      Damage    Failure   Level
a - Beastly Appendage     Tmut           80%        N/A       1%          1
b - Wereblood             Tmut           40%        N/A       1%          2
c - Spider Form           Tmut/Pois      37%        N/A       1%          3
d - Ice Form              Ice/Tmut       40%        N/A       5%          4

Your spell library contained the following spells:

 Spells                   Type           Power      Damage    Failure   Level
 Gell's Gravitas          Tloc           2%         N/A       30%         3
 Lesser Beckoning         Tloc           2%         N/A       30%         3
 Summon Guardian Golem    Hex/Summ       2%         N/A       30%         3
 Teleport Other           Tloc           2%         N/A       30%         3
 Airstrike                Air            1%         0-2+      69%         4
 Summon Lightning Spire   Summ/Air       2%         N/A       69%         4
 Lightning Bolt           Conj/Air       1%         1d12      95%         5
 Orb of Destruction       Conj           1%         9d5       100%        7
 Spellforged Servitor     Conj/Summ      1%         N/A       100%        7


Dungeon Overview and Level Annotations

Branches:
Dungeon (11/15)            Temple (0/1) D:5            Lair (1/5) D:8
    Orc (0/2) D:10

Shops:
D:3 (   D:6 [   D:7 (

Annotations:
D:6 1 runed translucent door, Crazy Yiuf


Innate Abilities, Weirdness & Mutations

You are a creature of crystalline ice.
You have a powerful freezing melee attack.
You are amphibious.
Your maximum health is increased.
Your armour is entirely melded.
You are incapable of wielding weapons or throwing items.
You have an increased reservoir of magic. (+10% MP)
You shall have no god before yourself.
Your divine heritage dramatically boosts your attributes as you level up.
((You have a pair of small horns on your head.))
You are strong-willed. (Will+)


Message History

The dream sheep ruffles its wool and motes of dream dust sparkle, to no effect.
You barely miss the blink frog.
The blink frog is lightly wounded.
The blink frog blinks!
The six-headed hydra bites you!
The six-headed hydra bites you but does no damage.
The six-headed hydra bites you! x2; The six-headed hydra bites you.
The six-headed hydra bites you but does no damage.
Unknown command.
Casting: Ice Form (dangerous; 4% risk of failure)
Press: ? - help, Q - select action, (/) - cycle Dir - look around, f - activate You turn into a creature of crystalline ice.
The +0 cloak "Geuhablo" {Int+4 Dex+3} melds into your body.
Your +0 pair of boots melds into your body.
Your +2 leather armour of fire resistance melds into your body.
You feel less resistant to fire.
The blink frog blinks!
The six-headed hydra bites you.
The six-headed hydra closely misses you.
The six-headed hydra bites you! The six-headed hydra bites you.
The six-headed hydra bites you but does no damage.
The six-headed hydra barely misses you. The dream sheep barely misses you.
You pummel the six-headed hydra!! You freeze the six-headed hydra!
The six-headed hydra is heavily wounded.
The six-headed hydra closely misses you.
The six-headed hydra completely misses you.
The six-headed hydra bites you!
The six-headed hydra bites you but does no damage.
The six-headed hydra bites you. The six-headed hydra bites you!
The dream sheep shake their wool and sparkle.
You feel drowsy...
You fall asleep.
The dream sheep bites you but does no damage.
The dream sheep bites you!!
You wake up.
* * * LOW HITPOINT WARNING * * *
The six-headed hydra bites you!
* * * LOW HITPOINT WARNING * * *
The six-headed hydra bites you!
* * * LOW HITPOINT WARNING * * *
The six-headed hydra barely misses you.
The six-headed hydra bites you but does no damage.
The six-headed hydra barely misses you. The six-headed hydra bites you!
You die...

..## # #...#### ### ... . #
#......# #.P ..##.###
.##..#.##......###.P ........
#####...............###P .#
#.#.#.#.#######.....####.. .#
#.##..#.#P...P#.###...##.P .#
#.#...#.#.###.#.####.....P .#
#..#.#..'D#!+.#..#.##.###P F#
#.#..##.#Y###.#...###....P .#
#..#.##.#PYY.P#....###...P
.#######.##.#..#######..#...##..P
.........................#..#P..P
#............P..##..####........P
#..[.......รท...##P.## ##.#..##.P
#>............###...# ###......
######..............# ##.......
#...>..#####...## #....####


You could see a six-headed hydra and 2 dream sheep.

Vanquished Creatures
  Erica (D:10)
  3 hydras
  A centaur warrior (D:10)
  3 two-headed ogres (D:11)
  An orc knight (D:10)
  A deep elf pyromancer (D:10)
  A manticore (D:9)
  A gargoyle (D:10)
  2 cane toads (Lair:1)
  A yaktaur (shapeshifter) (D:10)
  An unseen horror (D:10)
  A tengu conjurer (D:9)
  A komodo dragon (D:11)
  5 trolls
  A hornet (D:8)
  4 blink frogs (Lair:1)
  Grinder (D:5)
  2 slime creatures
  11 yaks
  3 shadows
  A wyvern (D:10)
  A wraith (D:10)
  2 vampire mosquitoes (D:10)
  3 wargs (D:10)
  An acid dragon (shapeshifter) (D:10)
  6 water moccasins
  An ice beast (D:5)
  3 orc warriors
  A sky beast (D:6)
  A black bear (D:6)
  An ice beast (shapeshifter) (D:10)
  2 ogres
  A boggart (D:10)
  6 wolves (Lair:1)
  7 centaurs
  A phantom (D:5)
  3 kobold brigands
  Blork the orc (D:6)
  5 bullfrogs
  A gnoll sergeant (D:8)
  A necrophage (D:6)
  4 scorpions
  12 wights
  2 electric eels (D:11)
  2 howler monkeys
  A crimson imp (D:11)
  A hound (D:6)
  3 jellies
  3 orc priests
  Jessica (D:3)
  3 iguanas
  12 orc wizards
  3 gnolls (D:8)
  7 adders
  A shadow imp (D:6)
  2 white imps
  4 worms
  A dart slug (D:1)
  39 orcs
  6 endoplasms
  2 giant cockroaches
  5 goblins
  7 hobgoblins
  16 kobolds
  3 quokkas
  5 ball pythons
  7 bats
  2 frilled lizards
  4 rats
252 creatures vanquished.

Vanquished Creatures (collateral kills)
  A two-headed ogre (D:11)
1 creature vanquished.

Vanquished Creatures (others)
  A wizard (D:9)
  A fungus (Lair:1)
2 creatures vanquished.

Grand Total: 255 creatures vanquished

Notes
Turn   | Place    | Note
-------+----------+-------------------------------------------
     0 | D:1      | nicolae the Demigod Transmuter began the quest for the Orb.
     0 | D:1      | Reached XP level 1. HP: 15/15 MP: 5/5
   335 | D:1      | Reached XP level 2. HP: 22/22 MP: 5/7
   868 | D:2      | Learned a level 2 spell: Wereblood
  1003 | D:2      | Reached XP level 3. HP: 24/27 MP: 6/8
  2106 | D:3      | Reached XP level 4. HP: 26/34 MP: 7/9
  2110 | D:3      | Learned a level 3 spell: Spider Form
  2176 | D:3      | Noticed Jessica
  2181 | D:3      | Killed Jessica
  2605 | D:3      | Found Jozualopt's Weapon Emporium.
  3033 | D:3      | Reached skill level 5 in Transmutations
  3114 | D:4      | Reached skill level 1 in Poison Magic
  3114 | D:4      | Reached XP level 5. HP: 39/39 MP: 6/10
  3907 | D:5      | Entered Level 5 of the Dungeon
  3913 | D:5      | Found a staircase to the Ecumenical Temple.
  3938 | D:5      | Noticed an ice beast
  3951 | D:5      | Killed an ice beast
  3952 | D:5      | Reached XP level 6. HP: 46/46 MP: 9/11
  4600 | D:5      | Reached skill level 5 in Poison Magic
  4827 | D:5      | Reached XP level 7. HP: 33/51 MP: 12/12
  5354 | D:5      | Noticed Grinder
  5376 | D:5      | Killed Grinder
  5377 | D:5      | Reached skill level 1 in Fighting
  5377 | D:5      | Reached skill level 1 in Armour
  5501 | D:6      | Reached skill level 2 in Fighting
  5573 | D:6      | Reached XP level 8. HP: 33/62 MP: 11/13
  6644 | D:6      | Found Lexaal's Armour Emporium.
  6667 | D:6      | Reached skill level 3 in Fighting
  6964 | D:6      | Noticed Blork the orc
  6978 | D:6      | Killed Blork the orc
  7165 | D:6      | You fall into a shaft and drop 1 floor!
  7210 | D:7      | Reached skill level 4 in Fighting
  7232 | D:7      | Learned a level 4 spell: Ice Form
  7464 | D:7      | Found Vesmetay's Antique Weapon Shop.
  7500 | D:7      | Reached skill level 1 in Ice Magic
  7992 | D:6      | Bought the +0 cloak "Geuhablo" {Int+4 Dex+3} for 366 gold
                  | pieces
  8164 | D:6      | Found a runed translucent door.
  8165 | D:6      | Noticed Crazy Yiuf
  8702 | D:8      | Reached skill level 5 in Unarmed Combat
  8716 | D:8      | Noticed a hornet
  8727 | D:8      | Killed a hornet
  8728 | D:8      | Reached XP level 9. HP: 22/71 MP: 14/14
  9474 | D:8      | Found a staircase to the Lair.
  9496 | D:8      | Reached skill level 5 in Ice Magic
 10929 | D:9      | Noticed a wizard
 10940 | D:9      | Noticed a tengu conjurer
 10944 | D:9      | Noticed a manticore
 10958 | D:9      | Killed a tengu conjurer
 10967 | D:9      | Reached skill level 5 in Fighting
 10976 | D:9      | Killed a wizard
 10998 | D:9      | Noticed a two-headed ogre
 11596 | D:9      | Identified the +4 spear of Perversion {flame, rPois Dex-2
                  | SInv Stlth+}
 11704 | D:9      | Killed a manticore
 11705 | D:9      | Reached skill level 5 in Dodging
 11705 | D:9      | Reached XP level 10. HP: 39/81 MP: 10/15
 12300 | D:10     | Entered Level 10 of the Dungeon
 12334 | D:10     | Noticed Erica
 12810 | D:10     | Found a staircase to the Orcish Mines.
 12948 | D:10     | Killed Erica
 13268 | D:10     | Noticed a four-headed hydra
 13655 | D:10     | Killed a four-headed hydra
 13656 | D:10     | Reached skill level 1 in Throwing
 13656 | D:10     | Reached skill level 1 in Evocations
 13805 | D:10     | Noticed a centaur warrior
 13807 | D:10     | Noticed an orc knight
 13810 | D:10     | Killed a centaur warrior
 13820 | D:10     | Killed an orc knight
 13821 | D:10     | Reached XP level 11. HP: 64/86 MP: 13/17
 14546 | D:10     | Noticed a deep elf pyromancer
 14556 | D:10     | Killed a deep elf pyromancer
 15832 | D:11     | Noticed a two-headed ogre
 15832 | D:11     | Noticed a two-headed ogre
 15832 | D:11     | Noticed a six-headed hydra
 15833 | D:11     | Noticed a two-headed ogre
 15935 | D:11     | Noticed a two-headed ogre
 15946 | D:11     | Killed a two-headed ogre
 15954 | D:11     | Killed a two-headed ogre
 16283 | D:11     | Killed a two-headed ogre
 16284 | D:11     | Reached skill level 6 in Fighting
 16315 | D:11     | Reached skill level 5 in Evocations
 16323 | D:10     | Gained mutation: Your spells are a little harder to cast,
                  | but a little more powerful. [potion of mutation]
 16324 | D:10     | Lost mutation: Your spells are a little harder to cast, but
                  | a little more powerful. [potion of mutation]
 16324 | D:10     | Gained mutation: You are partially covered in iridescent
                  | scales. (AC +2) [potion of mutation]
 16324 | D:10     | Gained mutation: You have a pair of small horns on your
                  | head. [potion of mutation]
 16325 | D:10     | Lost mutation: You have a pair of small horns on your head.
                  | [potion of mutation]
 16325 | D:10     | Lost mutation: You are partially covered in iridescent
                  | scales. (AC +2) [potion of mutation]
 16325 | D:10     | Gained mutation: You have very sharp teeth. [potion of
                  | mutation]
 16325 | D:10     | Gained mutation: You have sharp toenails. [potion of
                  | mutation]
 16325 | D:10     | Gained mutation: You are agile. (Dex +4, Str/Int -1)
                  | [potion of mutation]
 16325 | D:10     | Gained mutation: You have a pair of small horns on your
                  | head. [potion of mutation]
 16351 | D:11     | Killed a six-headed hydra
 16352 | D:11     | Reached skill level 5 in Throwing
 16439 | D:11     | Killed a two-headed ogre
 17016 | D:11     | Reached skill level 7 in Fighting
 17045 | D:11     | HP: 5/110 [something (18)]
 17683 | D:11     | Identified the ring of Xom's Scorn {Will+ MP+9 Str+4 Dex-3
                  | Stlth+}
 17945 | Lair:1   | Entered Level 1 of the Lair of Beasts
 18031 | Lair:1   | Reached skill level 8 in Fighting
 18513 | Lair:1   | Noticed a four-headed hydra
 18519 | Lair:1   | Killed a four-headed hydra
 18520 | Lair:1   | Reached XP level 12. HP: 103/103 MP: 18/18
 18655 | Lair:1   | Reached skill level 9 in Fighting
 18805 | Lair:1   | Lost mutation: You have very sharp teeth. [potion of
                  | mutation]
 18805 | Lair:1   | Lost mutation: You have sharp toenails. [potion of
                  | mutation]
 18805 | Lair:1   | Lost mutation: You are agile. (Dex +4, Str/Int -1) [potion
                  | of mutation]
 18805 | Lair:1   | Gained mutation: Your system is resistant to poisons.
                  | (rPois) [potion of mutation]
 18805 | Lair:1   | Lost mutation: Your system is resistant to poisons. (rPois)
                  | [potion of mutation]
 18805 | Lair:1   | Gained mutation: You are strong-willed. (Will+) [potion of
                  | mutation]
 18928 | Lair:1   | Noticed a six-headed hydra
 18934 | Lair:1   | HP: 1/124 [six-headed hydra (11)]
 18934 | Lair:1   | Mangled by a six-headed hydra

Illustrated notes

Levels and vault maps discovered:
D:1:      minmay_arrival_doors, layout_loops_ring,
          chequers_serial_rivers_micro_b
D:2:      minmay_recursive_quarters, layout_basic,
          hellmonk_ecumenical_altar_arch_garden
D:3:      layout_loops_ring, serial_shops, shop, glass_columns_b,
          kennysheep_jessica_study
D:4:      layout_basic
D:5:      layout_loops_ring, vehumet_altar_wand_db, minmay_temple_entry_mist,
          uniq_grinder
D:6:      layout_basic, chequers_temple_overflow_statue_of_worship,
          serial_shops, shop, uniq_blork_the_orc, uniq_crazy_yiuf_cottage
D:7:      layout_rooms, serial_shops, nicolae_shop_hallway_stairs
D:8:      layout_loops_ring, lair_entry_dummy, chequers_serial_rivers_micro_a
D:9:      minmay_blocky_corners, layout_long_grid,
          nicolae_dithmenos_shadow_blocks
D:10:     hangedman_cross_veins, layout_loops_cross,
          minmay_orc_entry_guard_dogs, uniq_erica
D:11:     minmay_spotlight, layout_basic, serial_glass, glass_columns_b,
          glass_columns_b, minmay_fire_ice_demons
Lair:1:   layout_misc_corridors, minmay_holes, minmay_hedge_maze,
          minmay_shattered_shrine

Skill      XL: |  1  2  3  4  5  6  7  8  9 10 11 12 |
---------------+-------------------------------------+-----
Transmutations | 2 3 4 5 7 |  7.0
Poison Magic   | 1 3 5 6 |  6.0
Fighting       | 2 4 5 8 9 |  9.3
Armour         | 2 3 |  3.0
Unarmed Combat | 3 5 7 |  7.5
Ice Magic      | 4 5 7 |  7.0
Dodging        | 5 |  5.0
Throwing       | 2 6 |  6.0
Evocations     | 2 5 |  5.0
Spellcasting   | |  1.7

Action                   |  1- 3 |  4- 6 |  7- 9 | 10-12 || total
-------------------------+-------+-------+-------+-------++-------
Melee: Unarmed           |   101 |   175 |   343 |   310 ||   929
       Kick              |    27 |    42 |    48 |       ||   117
       Headbutt          |    22 |    31 |    40 |     1 ||    94
       Punch             |     2 |     4 |     6 |     3 ||    15
       Bite              |       |       |       |     2 ||     2
Throw: Dart              |       |     1 |    10 |       ||    11
       Boomerang         |       |       |     3 |       ||     3
       Throwing net      |       |       |     1 |       ||     1
 Cast: Beastly Appendage |    25 |    24 |    21 |       ||    70
       Wereblood         |       |     3 |     5 |     2 ||    10
       Ice Form          |       |       |    10 |    32 ||    42
       Spider Form       |       |       |     1 |       ||     1
Evoke: Wand              |       |     8 |    11 |    14 ||    33
       Lightning rod     |       |       |     1 |       ||     1
  Use: Scroll            |     6 |     8 |     2 |    10 ||    26
       Potion            |       |     3 |     8 |    13 ||    24
 Stab: Sleeping          |       |       |     1 |       ||     1
Armor: Robe              |     1 |       |       |       ||     1
       Leather armour    |    12 |    18 |    57 |     9 ||    96
       Ring mail         |    14 |    30 |    14 |       ||    58
       Skin              |       |       |    41 |   128 ||   169
Dodge: Dodged            |    62 |    61 |   187 |   196 ||   506

Table legend: (Time is in decaauts)
 A = Elapsed time spent in this place.
 B = Non-inter-level travel time spent in this place.
 C = Inter-level travel time spent in this place.
 D = Time resting spent in this place.
 E = Time spent auto-exploring this place.
 F = Levels seen in this place.
 G = Mean time per level.
                   A        B        C        D        E       F      G
               +--------+--------+--------+--------+--------+-----+--------+
         Total |  18854 |  18020 |    834 |   6701 |   8047 |  12 | 1571.2 |
       Dungeon |  17877 |  17044 |    833 |   6617 |   7438 |  11 | 1625.2 |
          Lair |    977 |    977 |      0 |     84 |    609 |   1 |  977.0 |
               +--------+--------+--------+--------+--------+-----+--------+

Top non-repeatable levels by time:
     D:8: 2695 daAuts
     D:9: 2605 daAuts
    D:11: 2251 daAuts
     D:6: 1907 daAuts
    D:10: 1763 daAuts
     D:5: 1744 daAuts
     D:2: 1304 daAuts
  Lair:1: 977 daAuts
     D:7: 949 daAuts
     D:3: 940 daAuts
     D:4: 910 daAuts
     D:1: 804 daAuts
